 Dungeon Crawl Stone Soup version 0.30.1-4-g462c640d31 (webtiles) character file.

Game seed: 1889232198674914081

17899 wingedge the Basher (level 11, -3/95 HPs)
             Began as a Demigod Fighter on Sept 14, 2023.
             Slain by a wolf (6 damage)
             ... on level 11 of the Dungeon.
             The game lasted 00:47:14 (12915 turns).

wingedge the Basher (Demigod Fighter)              Turns: 12915, Time: 00:47:15

Health: -3/95      AC: 18    Str: 29    XL:     11   Next: 96%
Magic:  28/28      EV:  9    Int: 15    God:
Gold:   623        SH:  0    Dex: 13    Spells: 8/15 levels left

rFire   + . .        a - +1 dire flail (drain)
rCold   + . .        (shield currently unavailable)
rNeg    + . .        g - +0 plate armour
rPois   .            K - +3 hat of Pondering {ponderous, Will+ MP+10 Int+5}
rElec   .            J - scarf {rC+ rF+}
rCorr   .            (no gloves)
SInv    .            m - +1 pair of boots
Will    ++...        M - amulet of magic regeneration Stlth
                     E - ring of Jicrotzeeve {rN+ Slay+3}
HPRegen 0.35/turn    u - +4 ring of slaying
MPRegen 0.61/turn

%: no passive effects
@: hasted, very quick
A: high MP 1, forlorn, divine attributes
a: no special abilities


You were on level 11 of the Dungeon.
You visited 2 branches of the dungeon, and saw 12 of its levels.
You also visited: Sewer.

You collected 656 gold pieces.
You spent 33 gold pieces at shops.

Inventory:

Hand Weapons
 a - a +1 dire flail of draining (weapon)
 b - the +1 whip "Futerphe" {freeze, +Blink rPois rCorr Dex-2}
   (You found it on level 2 of the Dungeon)

   Dex:       It affects your dexterity (-2).
   rPois:     It protects you from poison.
   +Blink:    It lets you blink.
   rCorr:     It protects you from acid and corrosion.
 c - a +0 shortbow
 j - a +0 longbow
 y - a +1 whip of electrocution
 G - a +1 heavy dire flail
 H - a +2 flail of draining
Missiles
 n - 5 throwing nets
 x - 16 javelins (quivered)
 O - 2 curare-tipped darts
Armour
 g - a +0 plate armour (worn)
 m - a +1 pair of boots (worn)
 I - a +0 buckler
 J - a scarf of resistance (worn)
 K - the +3 hat of Pondering (worn) {ponderous, Will+ MP+10 Int+5}
   (You took it off Gastronok on level 8 of the Dungeon)

   Int:       It affects your intelligence (+5).
   MP:        It affects your magic capacity (+10).
   Will:      It increases your willpower.
Jewellery
 f - the ring of Teathuh {rF+ Stlth+}
   (You took it off Psyche on level 8 of the Dungeon)

   [ring of protection from fire]

   rF:        It protects you from fire.
   Stlth:     It makes you more stealthy.
 l - a ring of wizardry
 u - a +4 ring of slaying (right hand)
 B - a +6 ring of strength
 E - the ring of Jicrotzeeve (left hand) {rN+ Slay+3}
   (You found it on level 6 of the Dungeon)

   [ring of positive energy]

   Slay:      It affects your accuracy & damage with ranged weapons and melee
   (+3).
   rN:        It protects you from negative energy.
 M - an amulet of magic regeneration (around neck)
 P - an amulet of the acrobat
Wands
 A - a wand of mindburst (12)
 F - a wand of iceblast (8)
 L - a wand of charming (2)
Scrolls
 e - 7 scrolls of enchant armour
 i - a scroll of vulnerability
 o - 7 scrolls of teleportation
 r - 3 scrolls of torment
 s - 4 scrolls of immolation
 w - a scroll of magic mapping
 z - 3 scrolls of poison
Potions
 d - 4 potions of might
 h - a potion of brilliance
 k - 3 potions of flight
 p - 2 potions of resistance
 q - 2 potions of cancellation
 t - 7 potions of curing
 v - 2 potions of magic {unknown}
 C - a potion of haste
 D - a potion of degeneration {unknown}
 N - 4 potions of attraction {unknown}
 Q - a potion of invisibility {unknown}


   Skills:
 + Level 8.7 Fighting
 - Level 2.0(6.9) Axes
 + Level 10.4(10.5) Maces & Flails
 - Level 8.0 Throwing
 + Level 7.5 Armour
 - Level 5.0 Dodging
 - Level 3.0 Shields
 + Level 2.6 Spellcasting
 + Level 4.3 Translocations


You had 8 spell levels left.
You knew the following spells:

 Your Spells              Type           Power      Damage    Failure   Level
a - Apportation           Tloc           28%        N/A       32%         1
b - Blink                 Tloc           28%        N/A       43%         2
c - Manifold Assault      Tloc           14%        N/A       97%         4

Your spell library contained the following spells:

 Spells                   Type           Power      Damage    Failure   Level
 Necrotise                Necr           4%         1d4       88%         1
 Summon Small Mammal      Summ           4%         N/A       88%         1
 Call Canine Familiar     Summ           1%         N/A       99%         3
 Summon Guardian Golem    Hex/Summ       1%         N/A       99%         3
 Storm Form               Tmut/Air       0%         N/A       100%        7


Dungeon Overview and Level Annotations

Branches:
Dungeon (11/15)            Temple (0/1) D:6            Lair (1/5) D:11
    Orc (0/2) D:10          Sewer (visited)

Shops:
D:3 !   D:8 =

Portals:
Trove: D:11 (give horn of Geryon)

Annotations:
D:6 3 runed translucent doors, bairyn's ghost, amateur SpRe


Innate Abilities, Weirdness & Mutations

You have an increased reservoir of magic. (+10% MP)
You shall have no god before yourself.
Your divine heritage dramatically boosts your attributes as you level up.


Message History

The black mamba is severely wounded.
The wolf bites you but does no damage. The blink frog closely misses you.
The wolf bites you but does no damage. The wolf misses you.
The black mamba bites you but does no damage.
You barely miss the black mamba.
The black mamba is severely wounded.
The wolf barely misses you. The wolf bites you.
The blink frog hits you but does no damage.
The wolf barely misses you.
You whack the black mamba! You freeze the black mamba.
You kill the black mamba!
The wolf bites you but does no damage. The wolf barely misses you.
The wolf bites you but does no damage.
The blink frog blinks!
The +1 whip "Futerphe" {freeze, +Blink rPois rCorr Dex-2} stops glowing.
You sense an unholy aura.
a - a +1 dire flail of draining (weapon)
The wolf completely misses you. The wolf bites you.
* * * LOW HITPOINT WARNING * * *
The wolf bites you but does no damage.
You barely miss the wolf. The wolf bites you.
* * * LOW HITPOINT WARNING * * *
The wolf bites you.
* * * LOW HITPOINT WARNING * * *
The wolf bites you but does no damage.
You miss the wolf. The wolf closely misses you. The wolf barely misses you.
The wolf closely misses you. The wolf bites you but does no damage.
You barely miss the wolf.
The wolf bites you but does no damage. x2
The wolf barely misses you. The wolf bites you!
* * * LOW HITPOINT WARNING * * *
You puncture the wolf! You drain the wolf.
The wolf is almost dead.
The wolf bites you but does no damage. x3; The wolf bites you!
* * * LOW HITPOINT WARNING * * *
Okay, then.
You feel yourself speed up. The wolf bites you but does no damage.
The wolf barely misses you. The wolf bites you but does no damage.
The wolf bites you.
* * * LOW HITPOINT WARNING * * *
The wolf barely misses you. The wolf bites you.
You die...

##.....#### #####. ###....P....#
#.###. ##........P#.#####..#..
### ###.............##......)
#.####.....P...(..♣P..##......
###..##....).....P....#.#.......
##....##.P......PP...P..........#
#.....##.P....PhPh.............##
......#........h@P♣..♣.........##
.........P....PFP.P♣.............
...........P.)......P............
.......................#.........
...............PP.....♣#.........
.................................
..............P..................
.....<.....................#.....
...........................##....


You could see a blink frog and 3 wolves.

Vanquished Creatures
  Gastronok (D:8)
  A centaur warrior (D:8)
  Erica (D:7)
  4 two-headed ogres
  A black mamba (D:11)
  Maurice (D:8)
  2 gargoyles (D:10)
  Psyche (D:8)
  An unseen horror (D:9)
  3 hornets
  4 trolls (D:10)
  Prince Ribbit (D:7)
  A blink frog (D:11)
  3 shadows (D:10)
  22 yaks
  2 wyverns (D:11)
  A basilisk (D:11)
  2 vampire mosquitoes (D:10)
  2 steam dragons
  6 water moccasins
  2 ice beasts
  Pargi (Sewer)
  An ogre (D:5)
  8 orc warriors
  A black bear (D:3)
  5 centaurs
  3 phantoms
  5 bullfrogs
  A gnoll sergeant (D:8)
  5 kobold brigands
  3 scorpions
  6 wights
  2 electric eels
  4 howler monkeys
  3 hounds
  2 gnoll boudas
  9 orc priests
  A jelly (D:6)
  A sleepcap (D:5)
  4 iguanas
  15 orc wizards
  Robin (D:1)
  26 gnolls
  4 adders
  2 shadow imps (D:8)
  A white imp (D:7)
  An ufetubus (D:6)
  A worm (D:2)
  3 dart slugs
  30 orcs
  6 ball pythons
  4 endoplasms
  5 giant cockroaches
  12 goblins
  12 hobgoblins
  5 jackals
  23 kobolds
  5 quokkas (D:5)
  6 bats
  A frilled lizard (D:2)
  2 rats
292 creatures vanquished.

Notes
Turn   | Place    | Note
-------+----------+-------------------------------------------
     0 | D:1      | wingedge the Demigod Fighter began the quest for the Orb.
     0 | D:1      | Reached XP level 1. HP: 18/18 MP: 3/3
   281 | D:1      | Reached XP level 2. HP: 24/25 MP: 4/4
   738 | D:2      | Noticed Robin
   750 | D:1      | Killed Robin
   854 | D:2      | Identified the +1 whip "Futerphe" {freeze, +Blink rPois
                  | rCorr Dex-2}
   872 | D:2      | Reached XP level 3. HP: 31/31 MP: 5/5
  1597 | D:2      | Reached XP level 4. HP: 40/40 MP: 6/6
  1630 | D:3      | Found Qaown's Distillery.
  1652 | D:3      | Bought a potion of curing for 33 gold pieces
  1762 | D:3      | Noticed a black bear
  1779 | D:3      | Killed a black bear
  1780 | D:3      | Reached skill level 5 in Fighting
  1780 | D:3      | Reached skill level 1 in Maces & Flails
  1780 | D:3      | Reached XP level 5. HP: 25/48 MP: 7/7
  2009 | D:3      | Reached skill level 2 in Maces & Flails
  2864 | D:4      | Reached skill level 3 in Maces & Flails
  2864 | D:4      | Reached XP level 6. HP: 51/56 MP: 8/8
  2959 | D:4      | Reached skill level 4 in Maces & Flails
  3486 | D:5      | Entered Level 5 of the Dungeon
  3529 | D:5      | Reached skill level 5 in Maces & Flails
  3529 | D:5      | Reached XP level 7. HP: 24/61 MP: 9/9
  3798 | D:5      | Reached skill level 6 in Maces & Flails
  3928 | D:5      | Found a glowing drain.
  3944 | Sewer    | Entered a sewer
  4016 | Sewer    | Noticed Pargi
  4025 | Sewer    | Killed Pargi
  4026 | Sewer    | Reached skill level 1 in Throwing
  4545 | D:5      | Reached skill level 7 in Maces & Flails
  4546 | D:5      | Reached XP level 8. HP: 49/68 MP: 10/10
  4824 | D:6      | Identified the ring of Jicrotzeeve {rN+ Slay+3}
  4885 | D:6      | Found a runed translucent gate.
  4886 | D:6      | Found a runed translucent gate.
  4886 | D:6      | Noticed bairyn's ghost (amateur SpRe)
  4887 | D:6      | Found a runed translucent gate.
  4889 | D:6      | Noticed a troll
  5231 | D:6      | Found a staircase to the Ecumenical Temple.
  5726 | D:7      | Reached skill level 8 in Maces & Flails
  6132 | D:7      | Reached XP level 9. HP: 31/74 MP: 11/11
  7148 | D:7      | Reached skill level 5 in Throwing
  7676 | D:8      | Found Qiekun's Jewellery Emporium.
  7687 | D:8      | Noticed Prince Ribbit
  7696 | D:8      | Noticed Erica
  7697 | D:8      | Noticed Maurice
  7709 | D:7      | Killed Erica
  7710 | D:7      | Reached skill level 1 in Dodging
  7712 | D:7      | Reached skill level 5 in Armour
  7964 | D:7      | Killed Prince Ribbit
  8004 | D:8      | Killed Maurice
  8005 | D:8      | Reached skill level 9 in Maces & Flails
  8018 | D:8      | Noticed a centaur warrior
  8321 | D:8      | Noticed Gastronok
  8407 | D:8      | Identified the ring of Teathuh {rF+ Stlth+}
  8407 | D:8      | Noticed Psyche
  8411 | D:8      | Killed a centaur warrior
  8412 | D:8      | Reached XP level 10. HP: 52/84 MP: 13/13
  8417 | D:8      | Killed Gastronok
  8426 | D:8      | Killed Psyche
  8773 | D:8      | You fall into a shaft and drop 3 floors!
  8866 | D:11     | Found a staircase to the Lair.
  8879 | D:11     | Reached skill level 1 in Translocations
  8886 | D:11     | Noticed a two-headed ogre
  8897 | D:11     | Killed a two-headed ogre
  8982 | D:11     | Noticed a two-headed ogre
  8985 | D:11     | Killed a two-headed ogre
  8986 | D:11     | Reached XP level 11. HP: 70/93 MP: 14/14
  9088 | D:10     | Entered Level 10 of the Dungeon
  9100 | D:9      | Noticed a two-headed ogre
  9105 | D:9      | Killed a two-headed ogre
  9524 | D:9      | Noticed a two-headed ogre
  9532 | D:9      | Killed a two-headed ogre
  9533 | D:9      | Reached skill level 10 in Maces & Flails
 10481 | D:10     | HP: 1/94 [orc priest/divine providence (9)]
 10487 | D:10     | Reached skill level 1 in Spellcasting
 10939 | D:10     | Reached skill level 5 in Dodging
 11487 | D:10     | Learned a level 1 spell: Apportation
 11490 | D:10     | Learned a level 2 spell: Blink
 11495 | D:10     | Learned a level 4 spell: Manifold Assault
 12162 | D:10     | Found a staircase to the Orcish Mines.
 12268 | Lair:1   | Entered Level 1 of the Lair of Beasts
 12543 | D:11     | Found a portal to a secret trove of treasure.
 12915 | D:11     | HP: 3/95 [wolf (4)]
 12915 | D:11     | Slain by a wolf

Illustrated notes

Levels and vault maps discovered:
D:1:      wander_arrival_estate, layout_loops_cross, hex_large,
          amcnicky_mini_rare_corridor_liquid, minmay_misc_feat_enclosed,
          minmay_tromino_mix6
D:2:      layout_basic, chequers_serial_rivers_micro_e, kennysheep_another_room,
          uniq_robin
D:3:      layout_rooms, mainiacjoe_overflow_chevrons, serial_shops,
          nicolae_shop_trees, shapermc_ecumenical_altar_mp_vishouse,
          minmay_misc_feat_square, minmay_puff
D:4:      layout_loops_cross, nicolae_eternal_life
D:5:      layout_loops_corners, mainiacjoe_overflow_24_doors,
          kennysheep_mini_moat, gup_sewer_entry_pipe,
          nicolae_concentric_dashed_squares_wild, minmay_crystal_water
D:6:      layout_basic, nicolae_overflow_hidden_temple, grunt_gozag_breadcrumbs,
          minmay_temple_entry_overgrown, serial_rivers,
          chequers_serial_rivers_micro_c, chequers_serial_rivers_small_a,
          chequers_serial_rivers_micro_b, chequers_serial_rivers_large_b,
          chequers_serial_rivers_room_b, gammafunk_ghost_split
D:7:      layout_basic, bloody_trog, mainiacjoe_overflow_alcove_4,
          nicolae_qazlal_style_of_elements, mainiacjoe_overflow_six_doors_small,
          kb_lookout_dungeons_type, kennysheep_cross_bottleneck,
          lightli_minifort
D:8:      layout_gridville, grunt_ministairs_9, minmay_shop_enchanted_jewellery,
          serial_bayou_lake_a, uniq_prince_ribbit1, uniq_erica, uniq_maurice,
          uniq_gastronok, uniq_psyche
D:9:      layout_roguey, nemelex_xobeh_ov_fountains_minmay,
          nicolae_ru_awakened_eye, mainiacjoe_overflow_small_starburst
D:10:     minmay_s_stair_smasher, layout_cave_pools, david_orc_4
D:11:     layout_cave_pools, minmay_lair_entry_grove, enter_trove_2
Lair:1:   layout_regular_city, lemuel_fruit_tree

Skill      XL: |  1  2  3  4  5  6  7  8  9 10 11 |
---------------+----------------------------------+-----
Axes           | 2 |  2.0
Armour         | 3 5 6 7 |  7.5
Fighting       | 3 4 5 6 7 8 |  8.7
Shields        | 3 |  3.0
Maces & Flails | 1 3 5 7 8 9 10 | 10.4
Throwing       | 2 4 6 7 8 |  8.0
Dodging        | 2 4 5 |  5.0
Translocations | 2 4 |  4.3
Spellcasting   | 2 |  2.6

Action                     |  1- 3 |  4- 6 |  7- 9 | 10-12 || total
---------------------------+-------+-------+-------+-------++-------
  Melee: War axe           |    46 |       |       |       ||    46
         Whip              |    68 |   134 |    56 |    78 ||   336
         Flail             |       |    33 |   134 |       ||   167
         Dire flail        |       |       |    87 |   260 ||   347
  Throw: Javelin           |       |     5 |    31 |    36 ||    72
         Dart              |       |       |     2 |       ||     2
   Cast: Apportation       |       |       |       |     1 ||     1
    Use: Scroll            |     2 |     5 |     8 |    10 ||    25
         Potion            |       |       |     3 |     6 ||     9
   Stab: Paralysed         |       |       |       |     4 ||     4
 Armour: Scale mail        |    69 |    77 |    73 |       ||   219
         Chain mail        |       |       |    77 |   116 ||   193
         Plate armour      |       |       |       |   106 ||   106
         Skin              |       |       |       |     2 ||     2
  Dodge: Dodged            |    60 |    70 |   102 |   155 ||   387
  Block: Buckler           |    22 |    21 |    35 |       ||    78
